cohdb
Replays
Latest Replays
All Replays
Popular Replays
Top Player Replays
Match Explorer
How It Works
Community
CoH3 Stats
Reddit
Sign in to upload your games and track your stats! →
Sign in with Steam
Match 38951596
Unlisted
Match 38951596
Overview
Messages
Build Orders
End
Construct Barracks
Engineer Squad
Selects Armored Battlegroup
Selects Veteran Crews
1⁄4-ton 4x4 Truck
1⁄4-ton 4x4 Truck
Riflemen Squad
Selects Fast Deploy
Riflemen Squad
Air Support Center
.30 cal Machine Gun
Construct Weapon Support Center
Grasshopper Recon Run
Construct Motor Pool
M1918 Browning Automatic Rifles
P-47 Strafing Run
M8 Greyhound Armored Car
Riflemen Squad
Grasshopper Recon Run
M24 Chaffee Light Tank
P-47 Strafing Run
M8 Greyhound Armored Car
Selects Seek and Destroy
Engineer Squad
M8 Greyhound Armored Car
Grasshopper Recon Run
M8 Greyhound Armored Car
Selects M31 Recovery Vehicle
Selects War Machine
M8 Greyhound Armored Car
Sniper
Grasshopper Recon Run
Construct Tank Depot
Sniper
Selects UNKNOWN (2160077)
P-47 Strafing Run
Grasshopper Recon Run
M31 Recovery Vehicle
P-47 Dive Bomb
P-47 Strafing Run
M3 Armored Personnel Carrier
Grasshopper Recon Run
Sniper
P-47 Dive Bomb
M4A3E8 Sherman Easy Eight
Scout Squad
Grasshopper Recon Run
P-47 Dive Bomb
Double Sortie
Double Sortie
Grasshopper Recon Run
P-47 Strafing Run
M4A3E8 Sherman Easy Eight
P-47 Dive Bomb
P-47 Strafing Run
Sniper
Grasshopper Recon Run
M4A3E8 Sherman Easy Eight
SLIM
okinawa
MrGittings
AR.193
Weers
jayhyung0531
General Rommel
vincent
0
0
Comments
sign in to comment!
No comments posted yet!